 Dungeon Crawl Stone Soup version 0.29.1-12-g30fa7ad0bf (webtiles) character file.

Game seed: 5223184998982073320

42 retardedninja the Trooper (level 3, -2/33 HPs)
             Began as a Hill Orc Fighter on Dec 13, 2022.
             Slain by Terence
             ... wielding a +0 flail
              (3 damage)
             ... on level 2 of the Dungeon.
             The game lasted 00:00:59 (1145 turns).

retardedninja the Trooper (Hill Orc Fighter)        Turns: 1145, Time: 00:01:00

Health: -2/33      AC:  6    Str: 20    XL:     3   Next: 54%
Magic:  3/3        EV:  9    Int:  8    God:
Gold:   24         SH:  4    Dex: 10    Spells: 2/2 levels left

rFire   . . .      SeeInvis .   a - +0 war axe
rCold   . . .      Faith    .   c - +0 buckler
rNeg    . . .      Spirit   .   b - +0 scale mail
rPois   .          Reflect  .   (no helmet)
rElec   .          Harm     .   (no cloak)
rCorr   .          Rampage  .   (no gloves)
Will    .....                   (no boots)
Stlth   ..........              (no amulet)
HPRegen 0.11/turn               (no ring)
MPRegen 0.08/turn               (no ring)

@: no status effects
A: no striking features
a: no special abilities


You were on level 2 of the Dungeon.
You visited 1 branch of the dungeon, and saw 2 of its levels.

You collected 24 gold pieces.

Inventory:

Hand Weapons
 a - a +0 war axe (weapon)
Armour
 b - a +0 scale mail (worn)
 c - a +0 buckler (worn)
Scrolls
 e - 2 scrolls of enchant weapon {unknown}
 f - 2 scrolls of identify {unknown}
Potions
 d - a potion of might
 h - a potion of degeneration {unknown}


   Skills:
 + Level 4.1 Fighting
 + Level 3.5 Axes
 + Level 3.6 Armour
 + Level 0.2 Dodging
 + Level 3.6 Shields


You had 2 spell levels left.
You didn't know any spells.
Your spell library contained the following spells:

 Spells                   Type           Power      Damage    Failure   Level
 Conjure Flame            Conj/Fire      0%         6-21      99%         3
 Ignite Poison            Fire/Tmut/Pois 0%         N/A       99%         3
 Sticky Flame             Conj/Fire      0%         2d3       100%        4


Dungeon Overview and Level Annotations

Branches:
Dungeon (2/15)

Altars:

Annotations:
D:2 Terence


Message History

You hit Terence but do no damage.
Terence is almost dead.
Terence barely misses you.
Terence drinks a potion.
Terence is healed!
You hit Terence but do no damage. Terence hits you with a +0 flail.
You barely miss Terence. You block Terence's attack.
You hit Terence.
Terence is lightly wounded.
Terence hits you with a +0 flail. x2
You barely miss Terence.
Terence is lightly wounded.
Terence closely misses you.
You closely miss Terence.
Terence is lightly wounded.
Terence barely misses you.
You hit Terence.
Terence is moderately wounded.
Terence hits you with a +0 flail! You block Terence's attack.
You are too injured to fight recklessly!
You are too injured to fight recklessly!
You are too injured to fight recklessly!
Terence is nearby!
You are too injured to fight recklessly!
It was a potion of curing.
You feel better. You block Terence's attack.
You closely miss Terence.
Terence is moderately wounded.
You block Terence's attack.
You hit Terence but do no damage.
Terence is moderately wounded.
Terence hits you with a +0 flail!
You barely miss Terence.
Terence is moderately wounded.
Terence hits you with a +0 flail. Terence barely misses you.
You barely miss Terence.
Terence is moderately wounded.
Terence hits you with a +0 flail!
* * * LOW HITPOINT WARNING * * *
You barely miss Terence.
Terence is moderately wounded.
Terence hits you with a +0 flail.
You die...

### # ..# .#
#.####.
####.#... .
..... #.#.#@#
#.#.#@# .
#.....# ...
#.#####.###..###
#.......<.......
############..##


You could see Terence.

Vanquished Creatures
  2 dart slugs (D:1)
  3 ball pythons (D:1)
  An endoplasm (D:1)
  6 goblins (D:1)
  3 hobgoblins (D:1)
  4 jackals (D:1)
  5 kobolds (D:1)
  A quokka (D:1)
  4 bats (D:1)
  A frilled lizard (D:1)
  3 rats (D:1)
33 creatures vanquished.

Notes
Turn   | Place    | Note
-------+----------+-------------------------------------------
     0 | D:1      | retardedninja the Hill Orc Fighter began the quest for the
                  | Orb.
     0 | D:1      | Reached XP level 1. HP: 19/19 MP: 1/1
    74 | D:1      | Reached XP level 2. HP: 25/27 MP: 2/2
   136 | D:1      | Reached skill level 4 in Fighting
   414 | D:1      | Reached XP level 3. HP: 23/33 MP: 3/3
  1129 | D:2      | Noticed Terence
  1144 | D:2      | HP: 1/33 [Terence/+0 flail (11)]
  1145 | D:2      | Slain by Terence

Illustrated notes

Levels and vault maps discovered:
D:1:      heliophobic_arrival_henge, layout_basic
D:2:      layout_basic, serial_shops, shop, basic_ecumenical_altar, basic_altar,
          uniq_natasha, uniq_terence

Skill      XL: |  1  2 |
---------------+-------+-----
Fighting       | 4 |  4.1
Axes           | 3 |  3.5
Armour         | |  3.6
Dodging        | |  0.2
Shields        | |  3.6

Action                   || total
-------------------------++-------
Melee: War axe           ||   118
  Use: Potion            ||     1
Armor: Scale mail        ||    62
Dodge: Dodged            ||    58
Block: Buckler           ||    34
